 Dungeon Crawl Stone Soup version 0.28-a0-578-g717728bcc0 (webtiles) character file.

Game seed: 8687019490673292849

941 Conn the Magician (level 8, -3/47 HPs)
             Began as an Octopode Fire Elementalist on Oct 2, 2021.
             Slain by a wraith (12 damage)
             ... on level 5 of the Dungeon.
             The game lasted 00:10:05 (5547 turns).

Conn the Magician (Octopode Fire Elementalist)      Turns: 5547, Time: 00:10:05

Health: -3/47      AC:  1    Str:  7    XL:     8   Next: 12%
Magic:  3/15       EV: 14    Int: 19    God:
Gold:   124        SH:  0    Dex: 13    Spells: 13/17 levels left

rFire   . . .      SeeInvis .   b - +0 short sword
rCold   . . .      Faith    .   (no shield)
rNeg    . . .      Spirit   .   (helmet restricted)
rPois   +          Reflect  .   (no amulet)
rElec   .          Harm     .   j - ring of poison resistance
rCorr   .          Rampage  .   (no ring)
Will    .....                   (no ring)
Stlth   ++++......              (no ring)
HPRegen 0.15/turn               (no ring)
MPRegen 0.14/turn               (no ring)
                                (no ring)
                                (no ring)

@: flying, slowed, very slow
A: almost no armour, amphibious, 8 rings, camouflage 1, gelatinous body 1,
(nimble swimmer 1), tentacles
a: no special abilities


You were on level 5 of the Dungeon.
You visited 1 branch of the dungeon, and saw 5 of its levels.

You collected 124 gold pieces.

Inventory:

Hand Weapons
 b - a +0 short sword (weapon)
Jewellery
 j - a ring of poison resistance (left tentacle)
Wands
 e - a wand of acid (11)
 l - a wand of flame (15)
Scrolls
 a - 8 scrolls of identify {unknown}
 f - a scroll of vulnerability {unknown}
 g - 3 scrolls of immolation {unknown}
 h - a scroll of torment {unknown}
 i - 3 scrolls of amnesia {unknown}
Potions
 c - 2 potions of curing
 k - a potion of magic {unknown}
 m - a potion of haste {unknown}
 n - a potion of heal wounds {unknown}


   Skills:
 + Level 0.8 Fighting
 + Level 0.8 Short Blades
 + Level 3.6 Dodging
 + Level 4.7 Stealth
 + Level 0.1 Unarmed Combat
 + Level 5.2 Spellcasting
 + Level 3.7 Conjurations
 + Level 5.1 Fire Magic


You had 13 spell levels left.
You knew the following spells:

 Your Spells              Type           Power      Damage    Failure   Level
a - Foxfire               Conj/Fire      84%        2x1d8     1%          1
b - Conjure Flame         Conj/Fire      21%        6-21      6%          3

Your spell library contained the following spells:

 Spells                   Type           Power      Damage    Failure   Level
 Scorch                   Fire           48%        2d7       2%          2
 Inner Flame              Hex/Fire       14%        N/A       13%         3
 Corpse Rot               Necr/Air       N/A        N/A       19%         2
 Ensorcelled Hibernation  Hex/Ice        8%         N/A       19%         2
 Poisonous Vapours        Pois/Air       8%         N/A       19%         2
 Slow                     Hex            4%         N/A       19%         2
 Flame Wave               Conj/Fire      21%        3d6       19%         4
 Confusing Touch          Hex            4%         N/A       36%         3
 Gell's Gravitas          Tloc           2%         N/A       36%         3
 Lesser Beckoning         Tloc           4%         N/A       36%         3
 Teleport Other           Tloc           4%         N/A       36%         3
 Tukima's Dance           Hex            4%         N/A       36%         3
 Summon Ice Beast         Ice/Summ       4%         N/A       77%         4
 Summon Mana Viper        Hex/Summ       4%         N/A       98%         5
 Yara's Violent Unravell  Hex/Tmut       2%         3d3       98%         5
 Monstrous Menagerie      Summ           2%         N/A       100%        7


Dungeon Overview and Level Annotations

Branches:
Dungeon (5/15)
 Temple: D:4-7

Altars:
Dithmenos
Okawaru
Zin

Shops:
D:5 (


Innate Abilities, Weirdness & Mutations

You cannot wear most types of armour.
You are amphibious.
You can wear up to eight rings at the same time.
Your skin changes colour to match your surroundings (Stealth+).
Your rubbery body absorbs attacks. (AC +1, EV +1)
((You are camouflaged near water. (Stealth+)))
You have tentacles for arms and can constrict up to eight enemies at once.


Message History

The foxfire hits the wraith but does no damage.
The wraith is heavily damaged.
The foxfire hits the wraith but does no damage.
The wraith is heavily damaged.
The wraith closely misses you.
You hit the wraith but do no damage.
The wraith is heavily damaged.
The foxfire hits the wraith but does no damage.
The wraith is heavily damaged.
The foxfire hits the wraith but does no damage.
The wraith is heavily damaged.
The wraith hits you!
Casting: Foxfire (safe; 1% risk of failure)
Confirm with . or Enter, or press ? or * to list all spells.
You conjure some foxfire!
You hear the quick rusting of a drain nearby.
The wraith hits you.
Unknown command.
Casting: Foxfire (safe; 1% risk of failure)
Confirm with . or Enter, or press ? or * to list all spells.
You conjure some foxfire!
The foxfire hits the wraith.
The wraith is heavily damaged.
The foxfire hits the wraith but does no damage.
The wraith is heavily damaged.
The wraith hits you!
* * * LOW HITPOINT WARNING * * *
The wraith drains your vigour!
You feel yourself slow down.
The foxfire hits the wraith but does no damage.
The wraith is heavily damaged.
The foxfire hits the wraith.
The wraith is severely damaged.
The wraith hits you!
* * * LOW HITPOINT WARNING * * *
Unknown command.
You feel better. The wraith closely misses you.
Okay, then.
It was a potion of flight.
You feel very buoyant.
You fly up into the air.
The wraith hits you!
You die...

..# #.. #..#
#... #..#
#..# #..##
#..#
#..###..#
#####..#..#
#.#
.......#.#
#.# #..@.#
#.# #..W##
#.# ##...#
#.# #..###
#.# #.##
######.#####
#.#
#..........#
#.#
#.####....##
#.# #.#
#.##.# #.#
#># #.##.#
####


You could see a wraith.

Vanquished Creatures
  Edmund (D:4)
  A necrophage (D:4)
  An ogre (D:4)
  A phantom (D:4)
  2 scorpions
  2 water moccasin skeletons
  A bullfrog skeleton (D:5)
  A gnoll shaman (D:4)
  A centaur skeleton (D:3)
  An iguana (D:5)
  Terence (D:3)
  An orc wizard (D:5)
  6 gnolls
  7 adders
  2 ufetubi
  An adder skeleton (D:3)
  2 worms
  A dart slug (D:1)
  6 orcs
  4 endoplasms
  3 giant cockroaches
  3 goblins
  7 hobgoblins
  10 jackals
  9 kobolds
  2 quokkas
  6 ball pythons
  3 bats
  5 frilled lizards
  5 rats
96 creatures vanquished.

Vanquished Creatures (others)
  408 foxfires
408 creatures vanquished.

Grand Total: 504 creatures vanquished

Notes
Turn   | Place    | Note
-------+----------+-------------------------------------------
     0 | D:1      | Conn the Octopode Fire Elementalist began the quest for the
                  | Orb.
     0 | D:1      | Reached XP level 1. HP: 11/11 MP: 3/3
   121 | D:1      | Found a faded altar of an unknown god.
   190 | D:1      | Reached XP level 2. HP: 17/17 MP: 0/5
   755 | D:2      | Reached XP level 3. HP: 21/21 MP: 3/6
   979 | D:2      | Learned a level 3 spell: Conjure Flame
  1221 | D:2      | Reached XP level 4. HP: 27/27 MP: 2/8
  2141 | D:3      | Noticed Terence
  2152 | D:3      | Killed Terence
  2337 | D:3      | Reached XP level 5. HP: 26/31 MP: 10/10
  2580 | D:3      | Found a shadowy altar of Dithmenos.
  2580 | D:3      | Found an iron altar of Okawaru.
  3368 | D:4      | Reached XP level 6. HP: 16/36 MP: 7/11
  3594 | D:4      | Noticed a necrophage
  3814 | D:4      | Killed a necrophage
  3864 | D:4      | Noticed Edmund
  3886 | D:4      | Killed Edmund
  3887 | D:4      | Reached XP level 7. HP: 28/42 MP: 0/13
  4279 | D:4      | HP: 2/42 [ogre (24)]
  4595 | D:4      | Reached skill level 5 in Fire Magic
  5039 | D:5      | Entered Level 5 of the Dungeon
  5039 | D:5      | Found Hohug's Antique Weapon Emporium.
  5062 | D:5      | Reached skill level 5 in Spellcasting
  5209 | D:5      | Found a glowing silver altar of Zin.
  5318 | D:5      | Reached XP level 8. HP: 29/47 MP: 12/15
  5509 | D:5      | Noticed a wraith
  5545 | D:5      | HP: 1/47 [wraith (12)]
  5547 | D:5      | Slain by a wraith

Illustrated notes

Levels and vault maps discovered:
D:1:      lightli_molten_gateway, layout_rooms,
          hellmonk_ecumenical_altar_heavens_door, minmay_tree_intersection
D:2:      layout_loops_cross
D:3:      layout_rooms, gammafunk_temple_overflow_statue, grunt_decor_junction,
          uniq_terence
D:4:      layout_gridville, uniq_edmund
D:5:      layout_loops_ring, tso_metal_star,
          mainiacjoe_overflow_small_starburst, gup_sewer_entry_spiral,
          serial_shops, shop, uniq_sigmund, uniq_ijyb

Skill      XL: |  1  2  3  4  5  6  7 |
---------------+----------------------+-----
Stealth        | 3 4 |  4.7
Spellcasting   | 3 4 5 |  5.2
Fire Magic     | 4 5 |  5.1
Conjurations   | 2 3 |  3.7
Dodging        | 3 |  3.6
Fighting       | |  0.8
Short Blades   | |  0.8
Unarmed Combat | |  0.1

Action                   |  1- 3 |  4- 6 |  7- 9 || total
-------------------------+-------+-------+-------++-------
Melee: Unarmed           |     3 |       |       ||     3
       Constrict         |     4 |    14 |     6 ||    24
       Short sword       |     2 |    47 |    23 ||    72
       Tentacles         |       |     7 |     6 ||    13
 Cast: Foxfire           |    40 |   122 |    76 ||   238
       Conjure Flame     |       |       |     1 ||     1
  Use: Potion            |       |     1 |     2 ||     3
 Stab: Sleeping          |       |     3 |     5 ||     8
Armor: Skin              |       |    10 |     1 ||    11
Dodge: Dodged            |     3 |    68 |    23 ||    94

Table legend: (Time is in decaauts)
 A = Elapsed time spent in this place.
 B = Non-inter-level travel time spent in this place.
 C = Inter-level travel time spent in this place.
 D = Time resting spent in this place.
 E = Time spent auto-exploring this place.
 F = Levels seen in this place.
 G = Mean time per level.
                   A        B        C        D        E       F      G
               +--------+--------+--------+--------+--------+-----+--------+
         Total |   5557 |   5440 |    117 |    149 |   4114 |   5 | 1111.4 |
       Dungeon |   5557 |   5440 |    117 |    149 |   4114 |   5 | 1111.4 |
               +--------+--------+--------+--------+--------+-----+--------+

Top non-repeatable levels by time:
     D:4: 1489 daAuts
     D:3: 1477 daAuts
     D:2: 1323 daAuts
     D:1: 756 daAuts
     D:5: 510 daAuts
